 Dungeon Crawl Stone Soup version 0.24-a0-788-g2b66604 (console) character file.

Game seed: 3608313166927666928, levelgen mode: deterministic

11 vegansnacktivist the Digger (level 2, 0/20 HPs)
             Began as a Draconian Earth Elementalist on Oct 9, 2019.
             Slain by a hobgoblin (3 damage)
             ... on level 1 of the Dungeon.
             The game lasted 00:00:41 (429 turns).

vegansnacktivist the Digger (DrEE)                   Turns: 429, Time: 00:00:41

Health: 0/20       AC:  4    Str: 10    XL:     2   Next: 13%
Magic:  5/5        EV: 12    Int: 15    God:
Gold:   7          SH:  0    Dex: 11    Spells: 4/5 levels left

rFire    . . .     SeeInvis .   (no weapon)
rCold    . . .     Gourm    .   (no shield)
rNeg     . . .     Faith    .   (armour unavailable)
rPois    .         Spirit   .   (helmet restricted)
rElec    .         Reflect  .   (no cloak)
rCorr    .         Harm     .   (no gloves)
MR       .....                  (no boots)
Stlth    ++........             (no amulet)
HPRegen  0.06/turn              (no ring)
MPRegen  0.09/turn              (no ring)

@: no status effects
A: unfitting armour, cold-blooded, AC +4
a: no special abilities


You were on level 1 of the Dungeon.
You were not hungry.

You visited 1 branch of the dungeon, and saw 1 of its levels.

You collected 7 gold pieces.

Inventory:

Missiles
 b - 21 stones (quivered)
Jewellery
 d - an uncursed ring of see invisible {unknown}
Scrolls
 a - 2 scrolls of identify {unknown}
Comestibles
 c - a ration


   Skills:
 - Level 1.7 Dodging
 - Level 1.7 Stealth
 - Level 2.0 Spellcasting
   Level 1.0 Transmutations
 + Level 3.6 Earth Magic


You had 4 spell levels left.
You knew the following spells:

 Your Spells              Type           Power        Failure   Level  Hunger
a - Sandblast             Erth           ##....       4%          1    #......

Your spell library contained the following spells:

 Spells                   Type           Power        Failure   Level  Hunger
 Passwall                 Tmut/Erth      #.......     13%         2    ###....
 Stone Arrow              Conj/Erth      #.....       30%         3    ###....
 Petrify                  Tmut/Erth      #.......     63%         4    #####..
 Lee's Rapid Deconstruct  Erth           ##........   80%         5    ######.


Dungeon Overview and Level Annotations

Branches:
Dungeon (1/15)

Altars:


Innate Abilities, Weirdness & Mutations

Your plain brown scales are hard. (AC +4)
You cannot fit into any form of body armour.
You are cold-blooded and may be slowed by cold attacks.


Message History

You hit the plant but do no damage.
The plant is lightly damaged.
The hobgoblin barely misses you.
You completely miss the plant.
The plant is lightly damaged.
The hobgoblin hits you.
* * * LOW HITPOINT WARNING * * *
You hit the plant but do no damage.
The plant is lightly damaged.
The hobgoblin hits you.
* * * LOW HITPOINT WARNING * * *
You hit the plant but do no damage.
You tail-slap the plant, but do no damage.
The plant is lightly damaged.
The hobgoblin hits you.
* * * LOW HITPOINT WARNING * * *
You hit the plant.
The plant is lightly damaged.
The hobgoblin hits you.
You die...

############
#†.........# ###
#..........# ..#
#..........#..P
#######..........#.♣
........####...##PP♣
................@PPP
...............g##..P
######....###........P.
##...##.###.#...#...#.
#........##.###... ##
##.........#.# ##..
#............## ....
##.............## ..#
.#............... .#


You could see a hobgoblin.

Vanquished Creatures
  A leopard gecko (D:1)
  2 bats (D:1)
  3 hobgoblins (D:1)
  A frilled lizard (D:1)
  A kobold (D:1)
  2 rats (D:1)
10 creatures vanquished.

Notes
Turn   | Place    | Note
-------+----------+-------------------------------------------
     0 | D:1      | vegansnacktivist the Draconian Earth Elementalist began the
                  | quest for the Orb.
     0 | D:1      | Reached XP level 1. HP: 14/14 MP: 3/3
   365 | D:1      | Reached XP level 2. HP: 15/20 MP: 3/5
   429 | D:1      | Slain by a hobgoblin

Levels and vault maps discovered:
D:1:      minmay_arrival_semitransparent, layout_rooms, serial_forest,
          infiniplex_forest_corner_1, infiniplex_forest_corner_1,
          infiniplex_forest_clump_small, infiniplex_forest_clump_cross,
          infiniplex_forest_clump_double, infiniplex_forest_lined_3_way,
          infiniplex_forest_clump_tiny, minmay_tetromino_o2

Action                   || total
-------------------------++-------
Melee: Unarmed           ||    48
       Tailslap          ||    11
 Cast: Sandblast         ||    10
Armor: Skin              ||     7
Dodge: Dodged            ||    16

Table legend:
 A = Non-vault XP
 B = Vault XP
 C = Vault XP percentage of total XP
 D = Non-vault monster count
 E = Vault monster count
 F = Vault count percentage of total count
                 A         B        C        D         E       F
            +---------+---------+-------+---------+---------+-------
      Total |      16 |       0 |   0.0 |      10 |       0 |   0.0
            +---------+---------+-------+---------+---------+-------
        D:1 |      16 |       0 |   0.0 |      10 |       0 |   0.0
            +---------+---------+-------+---------+---------+-------
